 Dungeon Crawl Stone Soup version 0.28.0-45-g0d030f2227 (webtiles) character file.

Game seed: 12431175633709362449

2975 protoss039 the Digger (level 9, 0/55 HPs)
             Began as a Gargoyle Earth Elementalist on Apr 15, 2022.
             Shot with a sling bullet by Joseph (1 damage)
             ... on level 7 of the Dungeon on Apr 16, 2022.
             The game lasted 00:15:54 (9873 turns).

protoss039 the Digger (Gargoyle Earth Elementalist) Turns: 9873, Time: 00:15:55

Health: 0/55       AC: 13    Str: 12    XL:     9   Next: 82%
Magic:  14/19      EV: 11    Int: 20    God:
Gold:   350        SH:  0    Dex: 10    Spells: 12/22 levels left

rFire   . . .      SeeInvis .   t - +0 mace (protect)
rCold   . . .      Faith    .   (no shield)
rNeg    + . .      Spirit   .   v - +0 ring mail
rPois   ∞          Reflect  .   (no helmet)
rElec   +          Harm     .   s - +0 cloak
rCorr   .          Rampage  .   (no gloves)
Will    .....                   (no boots)
Stlth   +.........              a - amulet of magic regeneration
HPRegen 0.18/turn               (no ring)
MPRegen 0.56/turn               (no ring)

@: no status effects
A: sickness immunity, AC +6, negative energy resistance 1, electricity
resistance, torment resistance 1, petrification resistance
a: no special abilities


You were on level 7 of the Dungeon.
You visited 1 branch of the dungeon, and saw 7 of its levels.

You collected 350 gold pieces.

Inventory:

Hand Weapons
 t - a +0 mace of protection (weapon)
 z - the +6 rapier "Vuhooj" {vorpal, Drain rElec rF+++ rC-}
   (You found it on level 5 of the Dungeon)

   It inflicts extra damage upon your enemies.
   rF:        It renders you almost immune to fire.
   rC:        It makes you vulnerable to cold.
   rElec:     It insulates you from electricity.
   Drain:     It drains your maximum health when unequipped.
 B - the +9 whip of Fortitude {distort, rC++ rN+ Str-2 SInv}
   (You found it on level 5 of the Dungeon)

   It warps and distorts space around it, and may blink, banish, or inflict
   extra damage upon those it strikes.
   Unwielding it can cause banishment or high damage.
   Str:       It affects your strength (-2).
   rC:        It greatly protects you from cold.
   rN:        It protects you from negative energy.
   SInv:      It lets you see invisible.
Missiles
 c - 98 stones
Armour
 s - a +0 cloak (worn)
 v - a +0 ring mail (worn)
 F - the +5 leather armour of Ymiabb {rElec rPois rC- Str+6}
   (You took it off an orc on level 5 of the Dungeon)

   Str:       It affects your strength (+6).
   rC:        It makes you vulnerable to cold.
   rElec:     It insulates you from electricity.
   rPois:     It protects you from poison.
Magical Staves
 h - a staff of death
Jewellery
 a - an amulet of magic regeneration (around neck)
 D - a ring of fire
Wands
 k - a wand of acid (2)
 r - a wand of digging (8)
Scrolls
 d - 2 scrolls of identify
 f - 2 scrolls of noise {unknown}
 i - 2 scrolls of amnesia {unknown}
 j - a scroll of enchant weapon {unknown}
 m - a scroll of immolation {unknown}
 q - 2 scrolls of fog {unknown}
 x - 4 scrolls of summoning {unknown}
 y - a scroll of enchant armour {unknown}
 A - a scroll of holy word {unknown}
 C - a scroll of acquirement {unknown}
 E - a scroll of magic mapping {unknown}
 G - a scroll of teleportation {unknown}
Potions
 b - 3 potions of heal wounds
 e - 3 potions of haste {unknown}
 g - 4 potions of brilliance
 l - 4 potions of curing
 n - a potion of lignification {unknown}
 o - a potion of mutation {unknown}
 p - 3 potions of might
 u - 3 potions of degeneration {unknown}
 w - 2 potions of ambrosia {unknown}


   Skills:
 - Level 6.0 Fighting
 - Level 3.0 Armour
 - Level 3.0 Dodging
 - Level 3.0 Stealth
 * Level 7.1 Spellcasting
 + Level 5.1 Conjurations
 - Level 3.0 Transmutations
 + Level 7.6 Earth Magic


You had 12 spell levels left.
You knew the following spells:

 Your Spells              Type           Power      Damage    Failure   Level
a - Sandblast             Erth           74%        2d16      1%          1
b - Passwall              Tmut/Erth      23%        N/A       3%          2
c - Stone Arrow           Conj/Erth      64%        3d11      4%          3
d - Petrify               Tmut/Erth      28%        N/A       22%         4

Your spell library contained the following spells:

 Spells                   Type           Power      Damage    Failure   Level
 Chain Lightning          Conj/Air       8%         3d11      100%        9
 Fire Storm               Conj/Fire      8%         8d2       100%        9
 Shatter                  Erth           18%        3d17*     100%        9


Dungeon Overview and Level Annotations

Branches:
Dungeon (7/15)
 Temple: D:4-7

Altars:
Hepliaklqana

Annotations:
D:7 Joseph


Innate Abilities, Weirdness & Mutations

You are immune to sickness and miasma.
Your stone body is resilient. (AC +6)
You are immune to poison.
You resist negative energy. (rN+)
You are resistant to electric shocks. (rElec)
You are resistant to unholy torment.
You are immune to petrification.


Message History

The blast of sand misses the hound.
The hound bites you but does no damage.
Joseph shoots a sling bullet.
The sling bullet hits you.
Unknown command.
Casting: Sandblast (safe; 1% risk of failure)
Confirm with . or Enter, or press ? or * to list all spells.
Aiming: Sandblast (safe; 1% risk of failure)
Press: ? - help, Shift-Dir - straight line, f/p - hound
Aim: a hound (moderately wounded, 75% to hit)
The blast of sand misses the hound.
The hound bites you but does no damage. x2
Unknown command.
Casting: Sandblast (safe; 1% risk of failure)
Confirm with . or Enter, or press ? or * to list all spells.
Aiming: Sandblast (safe; 1% risk of failure)
Press: ? - help, Shift-Dir - straight line, f/p - hound
Aim: a hound (moderately wounded, 75% to hit)
The blast of sand hits the hound!
The hound is almost dead.
The hound bites you.
Unknown command.
Unknown command.
Casting: Sandblast (safe; 1% risk of failure)
Confirm with . or Enter, or press ? or * to list all spells.
Aiming: Sandblast (safe; 1% risk of failure)
Press: ? - help, Shift-Dir - straight line, f/p - hound
Aim: a hound (almost dead, 75% to hit)
The blast of sand hits the hound!
You kill the hound!
Joseph shoots a sling bullet.
The sling bullet hits you!
* * * LOW HITPOINT WARNING * * *
x2 Unknown command.
Casting: Sandblast (safe; 1% risk of failure)
Confirm with . or Enter, or press ? or * to list all spells.
Aiming: Stone Arrow (dangerous; 4% risk of failure)
Press: ? - help, Shift-Dir - straight line, f - Joseph
Aim: Joseph, wielding a +3 vorpal hunting sling, wearing a +0 ring mail and quivering sling bullets (77% to hit)
The stone arrow hits Joseph!
Joseph is lightly wounded.
Joseph shoots a sling bullet.
The sling bullet hits you!
* * * LOW HITPOINT WARNING * * *
You die...

### #### #.#######..###
#...#........#
#####............#
.................#####
........##...........#####
........##................
...##..####...............
## #...# #.....@.........
##..## ##............./
##...# #...............
#...######.....Z.........
##..........@.............
..........................
.###########.............
## ##........... #


You could see Joseph and a howler monkey skeleton.

Vanquished Creatures
  The ghost of Arpeggio the Covered, a novice MiFi (D:5)
  Grinder (D:6)
  A wyvern (D:7)
  Menkaure (D:5)
  2 black bears
  2 ogres
  3 necrophages
  3 centaurs (D:6)
  2 phantoms
  Blork the orc (D:4)
  A bullfrog (D:7)
  A water moccasin zombie (D:6)
  A wyvern zombie (D:7)
  3 scorpions
  A water moccasin skeleton (D:4)
  A centaur zombie (D:6)
  A bullfrog skeleton (D:6)
  5 hounds
  Crazy Yiuf (D:2)
  3 orc priests (D:5)
  A water moccasin simulacrum (D:5)
  Natasha (thrice) (D:2)
  An iguana (D:5)
  2 orc wizards
  A killer bee zombie (D:4)
  A bullfrog simulacrum (D:5)
  A centaur simulacrum (D:5)
  A scorpion simulacrum (D:5)
  A gnoll (D:1)
  5 adders
  3 white imps
  An adder skeleton (D:4)
  A worm (D:2)
  4 dart slugs
  20 orcs
  5 endoplasms
  2 giant cockroaches
  7 goblins
  10 hobgoblins
  5 jackals
  5 kobolds
  2 quokkas
  9 ball pythons
  9 bats
  3 frilled lizards
  3 rats
141 creatures vanquished.

Vanquished Creatures (others)
  4 fungi (D:2)
4 creatures vanquished.

Grand Total: 145 creatures vanquished

Notes
Turn   | Place    | Note
-------+----------+-------------------------------------------
     0 | D:1      | protoss039 the Gargoyle Earth Elementalist began the quest
                  | for the Orb.
     0 | D:1      | Reached XP level 1. HP: 10/10 MP: 3/3
   482 | D:1      | Reached XP level 2. HP: 11/15 MP: 5/5
   589 | D:1      | Reached skill level 1 in Transmutations
   806 | D:1      | Reached XP level 3. HP: 11/19 MP: 2/6
  1831 | D:2      | Learned a level 2 spell: Passwall
  1835 | D:2      | Learned a level 3 spell: Stone Arrow
  1852 | D:2      | Reached XP level 4. HP: 8/24 MP: 3/7
  2247 | D:2      | Noticed Natasha
  2258 | D:2      | Killed Natasha
  2467 | D:2      | Noticed Natasha
  2474 | D:2      | Killed Natasha
  2498 | D:2      | Reached XP level 5. HP: 28/28 MP: 8/8
  2880 | D:2      | Noticed Natasha
  2890 | D:2      | Killed Natasha
  3302 | D:2      | Found a runed translucent door.
  3409 | D:2      | Noticed Crazy Yiuf
  3419 | D:2      | Killed Crazy Yiuf
  3955 | D:3      | Found a faded altar of an unknown god.
  4518 | D:3      | Reached XP level 6. HP: 33/33 MP: 8/10
  4661 | D:3      | Reached skill level 1 in Fighting
  5510 | D:4      | Reached skill level 1 in Armour
  5731 | D:4      | Reached skill level 1 in Conjurations
  5868 | D:4      | Reached skill level 5 in Earth Magic
  5868 | D:4      | Reached XP level 7. HP: 26/40 MP: 10/12
  6263 | D:5      | Entered Level 5 of the Dungeon
  6264 | D:5      | Noticed Blork the orc
  6266 | D:5      | Found a hazy altar of Hepliaklqana.
  6278 | D:4      | Killed Blork the orc
  6558 | D:5      | Found a runed translucent gate.
  6565 | D:5      | Found a runed translucent gate.
  6566 | D:5      | Found a runed translucent gate.
  6594 | D:5      | Identified the +5 leather armour of Ymiabb {rElec rPois rC-
                  | Str+6}
  7152 | D:5      | Reached XP level 8. HP: 28/46 MP: 14/14
  7280 | D:5      | Identified the +6 rapier "Vuhooj" {vorpal, Drain rElec
                  | rF+++ rC-}
  7663 | D:5      | Noticed Menkaure
  7671 | D:5      | Killed Menkaure
  7672 | D:5      | Reached skill level 5 in Spellcasting
  7774 | D:5      | Identified the +9 whip of Fortitude {distort, rC++ rN+
                  | Str-2 SInv}
  7841 | D:5      | Noticed Arpeggio's ghost (novice MiFi)
  8250 | D:5      | Killed Arpeggio's ghost
  8251 | D:5      | Reached XP level 9. HP: 52/52 MP: 1/17
  8317 | D:5      | Learned a level 4 spell: Petrify
  8339 | D:6      | Noticed Grinder
  8343 | D:6      | Killed Grinder
  8549 | D:6      | Reached skill level 5 in Fighting
  9702 | D:7      | Reached skill level 5 in Conjurations
  9865 | D:7      | Noticed Joseph
  9873 | D:7      | HP: 1/55 [Joseph/sling bullet (14)]
  9873 | D:7      | Shot with a sling bullet by Joseph

Illustrated notes

Levels and vault maps discovered:
D:1:      saegor_arrival_under_anarchy, layout_rooms, minmay_misc_feat_square
D:2:      layout_loops_ring, uniq_natasha, uniq_crazy_yiuf_cottage
D:3:      minmay_skewed_foursquare, layout_basic, basic_ecumenical_altar,
          st_stairs_1
D:4:      layout_basic
D:5:      layout_cave_pools, mainiacjoe_overflow_tiny_flanked,
          gammafunk_ghost_icy, uniq_blork_the_orc, uniq_menkaure
D:6:      layout_cave_pods, minmay_tree_intersection, uniq_grinder
D:7:      layout_cave_pods, temple_green, uniq_joseph

Skill      XL: |  1  2  3  4  5  6  7  8  9 |
---------------+----------------------------+-----
Transmutations | 1 2 3 |  3.0
Dodging        | 2 3 |  3.0
Stealth        | 3 |  3.0
Earth Magic    | 4 5 6 7 |  7.6
Spellcasting   | 3 4 5 7 |  7.1
Fighting       | 2 3 4 6 |  6.0
Armour         | 1 2 3 |  3.0
Conjurations   | 1 2 3 5 |  5.1

Action                   |  1- 3 |  4- 6 |  7- 9 || total
-------------------------+-------+-------+-------++-------
Melee: Unarmed           |    18 |       |       ||    18
       Long sword        |    11 |       |       ||    11
       Hand axe          |     9 |       |       ||     9
       Dagger            |    91 |    75 |       ||   166
       Mace              |       |   187 |   149 ||   336
       Punch             |       |     2 |     3 ||     5
 Cast: Sandblast         |    12 |    32 |    84 ||   128
       Stone Arrow       |       |       |    37 ||    37
  Use: Potion            |       |       |     1 ||     1
       Scroll            |       |       |     2 ||     2
 Stab: Sleeping          |     6 |       |     1 ||     7
Armor: Robe              |    68 |    15 |       ||    83
       Ring mail         |       |   114 |   167 ||   281
       Leather armour    |       |     9 |       ||     9
Dodge: Dodged            |   109 |   211 |   170 ||   490
